 Dungeon Crawl Stone Soup version 0.30.0-5-g1a98f26d00 (webtiles) character file.

Game seed: 16365711692192157822

31 CaptainMV the Vexing (level 3, -1/28 HPs)
             Began as a Gnoll Hexslinger on May 11, 2023.
             Slain by an adder (3 damage)
             ... on level 2 of the Dungeon.
             The game lasted 00:12:12 (1113 turns).

CaptainMV the Vexing (Gnoll Hexslinger)             Turns: 1113, Time: 00:12:12

Health: -1/28      AC:  2    Str:  9    XL:     3   Next: 22%
Magic:  7/7        EV: 13    Int: 12    God:
Gold:   0          SH:  0    Dex: 14    Spells: 3/7 levels left

rFire   . . .        b - +0 bardiche (venom)
rCold   . . .        (shield currently unavailable)
rNeg    . . .        c - +0 robe
rPois   .            (no helmet)
rElec   .            (no cloak)
rCorr   .            (no gloves)
SInv    .            (no boots)
Will    .....        (no amulet)
Stlth   ++           (no ring)
HPRegen 0.24/turn    (no ring)
MPRegen 0.10/turn

%: no passive effects
@: lethally poisoned (-1 -> -5)
A: fangs 1, strong nose, distributed training
a: no special abilities


You were on level 2 of the Dungeon.
You visited 1 branch of the dungeon, and saw 2 of its levels.

Inventory:

Hand Weapons
 a - a +1 sling
 b - a +0 bardiche of venom (weapon)
 d - a +3 dagger
 j - a +0 short sword
Armour
 c - a +0 robe (worn)
Jewellery
 e - a ring of ice
Scrolls
 f - a scroll of noise
Potions
 h - 2 potions of might {unknown}
 l - a potion of ambrosia {unknown}


   Skills:
 + Level 2.6 Fighting
 + Level 0.7 Short Blades
 + Level 0.7 Long Blades
 + Level 0.7 Axes
 + Level 0.7 Maces & Flails
 + Level 0.7 Polearms
 + Level 0.7 Staves
 + Level 4.5 Ranged Weapons
 + Level 0.7 Throwing
 + Level 0.7 Armour
 + Level 4.5 Dodging
 + Level 0.7 Stealth
 + Level 0.7 Shields
 + Level 0.7 Unarmed Combat
 + Level 2.8 Spellcasting
 + Level 0.5 Conjurations
 + Level 5.4 Hexes
 + Level 0.5 Summonings
 + Level 0.5 Necromancy
 + Level 0.5 Translocations
 + Level 0.5 Transmutations
 + Level 0.5 Fire Magic
 + Level 0.5 Ice Magic
 + Level 0.5 Air Magic
 + Level 0.5 Earth Magic
 + Level 0.5 Poison Magic
 + Level 0.9 Invocations
 + Level 0.7 Evocations


You had 3 spell levels left.
You knew the following spells:

 Your Spells              Type           Power      Damage    Failure   Level
a - Slow                  Hex            56%        N/A       2%          1
b - Inner Flame           Hex/Fire       8%         N/A       22%         3

Your spell library contained the following spells:

 Spells                   Type           Power      Damage    Failure   Level
 Portal Projectile        Hex/Tloc       16%        N/A       22%         3
 Cause Fear               Hex            7%         N/A       26%         4


Dungeon Overview and Level Annotations

Branches:
Dungeon (2/15)

Altars:
Makhleb


Innate Abilities, Weirdness & Mutations

You have very sharp teeth.
Your uncanny sense of smell can sniff out nearby items.
Your experience applies equally to all skills.


Message History

* * * LOW HITPOINT WARNING * * *
You closely miss the adder. Your bite misses the adder.
You feel sick. The adder closely misses you. x2
You barely miss the adder.
You feel sick.
You are no longer poisoned.
The adder barely misses you. x2; The adder misses you.
You closely miss the adder. The adder closely misses you. The adder bites you.
* * * LOW HITPOINT WARNING * * *
You feel better. The adder closely misses you.
You closely miss the adder. The adder barely misses you. The adder misses you.
The adder bites you.
You are poisoned.
The adder poisons you!
You closely miss the adder.
You feel very sick. The adder completely misses you.
The adder barely misses you.
You closely miss the adder.
You feel sick. The adder misses you. The adder barely misses you. x2
You closely miss the adder. You bite the adder, but do no damage.
You feel sick. The adder bites you.
* * * LOW HITPOINT WARNING * * *
The adder closely misses you.
You feel better. The adder bites you.
* * * LOW HITPOINT WARNING * * *
You are poisoned.
The adder poisons you!
Read: scroll of poison
Press: ? - help, Q - select action, (/) - cycle Dir - look around, f - activate The air fills with toxic fumes!
As you read the scroll of poison, it crumbles to dust.
You feel sick. The adder barely misses you. x2
You miss the adder.
You feel sick. The adder bites you.
* * * LOW HITPOINT WARNING * * *
You are lethally poisoned!
The adder poisons you! The adder barely misses you.
You barely miss the adder.
* * * LOW HITPOINT WARNING * * *
You feel very sick. The adder bites you.
You die...

#..........#...#
###..##.###.#..#
##.####......# #..#.######.#
#.#.....#§#.# ######.#§§#.#
*,§#§####§#.# ***,#§§§§w#§#.#
*,*,****,#S@#.##############
*,*,,*,*#####..............#
*,*,*,,,,.#,#..###.#........
**,******,*.,#......#.(.##..#
**,,,***
**##.#..#####...##..#
*,*,,..# #..#..# #.......#
**,*,#.# #.....#####.......#
* **,*#.# ####..........###.#
* ***#.# ##'######.#.#!#.#


You could see a worm and an adder.

Vanquished Creatures
  4 ball pythons (D:1)
  6 bats
  3 endoplasms
  A giant cockroach (D:1)
  3 hobgoblins
  A kobold (D:1)
  A quokka (D:1)
  4 goblins (D:1)
  5 rats
28 creatures vanquished.

Notes
Turn   | Place    | Note
-------+----------+-------------------------------------------
     0 | D:1      | CaptainMV the Gnoll Hexslinger began the quest for the Orb.
     0 | D:1      | Reached XP level 1. HP: 17/17 MP: 4/4
    82 | D:1      | Reached XP level 2. HP: 23/23 MP: 5/5
   100 | D:1      | Found a faded altar of an unknown god.
   470 | D:1      | Identified a scroll of acquirement
   470 | D:1      | Acquired a +0 bardiche of venom
   694 | D:1      | Reached XP level 3. HP: 28/28 MP: 7/7
   896 | D:2      | Found a burning altar of Makhleb.
  1022 | D:2      | Learned a level 3 spell: Inner Flame
  1113 | D:2      | Slain by an adder

Illustrated notes

Levels and vault maps discovered:
D:1:      dpeg_arrival_renting, layout_basic,
          shapermc_ecumenical_altar_flowoftime
D:2:      minmay_angry_zag, layout_loops_corners, basic_altar,
          grunt_ministairs_12, item_on_display_a

Action                     || total
---------------------------++-------
  Melee: Bardiche          ||    43
         Short sword       ||     5
         Bite              ||     4
   Fire: Sling             ||    48
   Cast: Slow              ||     1
    Use: Scroll            ||     6
         Potion            ||     2
 Armour: Robe              ||    21
  Dodge: Dodged            ||    56
